 Dungeon Crawl Stone Soup version 0.28-a0-199-g298df9dbad (webtiles) character file.

Game seed: 3276024457321380119

21438 Spaninq the Fighter (level 12, -3/132 HPs)
             Began as an Ogre Fighter on Aug 19, 2021.
             Was an Elder of Qazlal.
             Slain by a salamander (12 damage)
             ... in a volcano.
             The game lasted 00:37:27 (16378 turns).

Spaninq the Fighter (Ogre Fighter)                 Turns: 16378, Time: 00:37:29

Health: -3/132     AC: 10    Str: 22    XL:     12   Next: 90%
Magic:  18/18      EV: 10    Int: 14    God:    Qazlal [****..]
Gold:   598        SH: 21    Dex:  8    Spells: 11/11 levels left

rFire   . . .      SeeInvis .   x - +5 flail (flame)
rCold   . . .      Faith    .   c - +1 kite shield
rNeg    . . .      Spirit   .   L - +0 acid dragon scales
rPois   .          Reflect  +   E - +1 hat {Will+}
rElec   .          Harm     .   p - +0 cloak
rCorr   +          Rampage  .   (gloves unavailable)
Will    +++..                   (boots unavailable)
Stlth   +.........              s - amulet of reflection
HPRegen 0.32/turn               J - ring "Zoedyh" {Fly Str-5 Int+5}
MPRegen 0.16/turn               K - ring of willpower

@: flying, repel missiles
A: large, unfitting armour, tough skin 1
a: Renounce Religion, Upheaval, Elemental Force


You were in a volcano.
You worshipped Qazlal.
Qazlal was greatly pleased with you.
You visited 2 branches of the dungeon, and saw 12 of its levels.
You also visited: Sewer, Ossuary and Volcano.

You collected 598 gold pieces.

Inventory:

Hand Weapons
 g - a +2 dagger of electrocution
 u - a +2 dagger of venom
 x - a +5 flail of flaming (weapon)
 D - a +7 double sword of freezing
Missiles
 z - a throwing net (quivered)
Armour
 c - a +1 kite shield (worn)
 p - a +0 cloak (worn)
 E - a +1 hat of willpower (worn)
 L - +0 acid dragon scales (worn)
Jewellery
 i - an amulet of regeneration
 l - a ring of ice
 s - an amulet of reflection (around neck)
 A - a +4 ring of protection
 C - a ring of resist corrosion
 I - a +6 ring of strength
 J - the ring "Zoedyh" (left hand) {Fly Str-5 Int+5}
   (You took it off a tengu warrior on level 10 of the Dungeon)

   [ring of flight]

   Str:       It affects your strength (-5).
   Int:       It affects your intelligence (+5).
   Fly:       It grants you flight.
 K - a ring of willpower (right hand)
 N - a ring of wizardry
Wands
 o - a wand of acid (8)
 q - a wand of digging (4)
 B - a wand of paralysis (19)
 F - a wand of charming (8)
 G - a wand of flame (17)
Scrolls
 a - 3 scrolls of fog
 m - 4 scrolls of enchant weapon
 y - a scroll of magic mapping
 M - a scroll of blinking
 O - 2 scrolls of teleportation
Potions
 b - 7 potions of curing
 d - 5 potions of might
 e - 2 potions of flight {unknown}
 f - 3 potions of heal wounds
 h - 2 potions of resistance {unknown}
 j - a potion of attraction {unknown}
 k - 8 potions of haste
 n - 4 potions of magic
 r - a potion of degeneration {unknown}
 t - a potion of invisibility {unknown}
 v - 2 potions of ambrosia {unknown}
 w - 6 potions of brilliance
Miscellaneous
 H - a condenser vane (inert)


   Skills:
 + Level 12.3 Fighting
 * Level 11.9 Maces & Flails
 + Level 3.9 Armour
 + Level 5.4 Dodging
 - Level 9.0 Shields
 + Level 8.7 Invocations


You had 11 spell levels left.
You didn't know any spells.
Your spell library contained the following spells:

 Spells                   Type           Power      Damage    Failure   Level
 Static Discharge         Conj/Air       0%         N/A       47%         2
 Gell's Gravitas          Tloc           0%         N/A       71%         3
 Ozocubu's Armour         Ice            0%         N/A       71%         3
 Teleport Other           Tloc           0%         N/A       71%         3
 Animate Dead             Necr           0%         N/A       98%         4
 Dispel Undead            Necr           0%         3d6       98%         4
 Sticky Flame             Conj/Fire      0%         2d3       98%         4
 Borgnjor's Vile Clutch   Necr/Erth      0%         N/A       100%        5
 Freezing Cloud           Conj/Ice/Air   0%         6-21      100%        5
 Metabolic Englaciation   Hex/Ice        0%         N/A       100%        5
 Death Channel            Necr           0%         N/A       100%        6
 Dispersal                Tloc           0%         N/A       100%        6
 Simulacrum               Ice/Necr       0%         N/A       100%        6
 Polar Vortex             Ice            0%         N/A       100%        9


Dungeon Overview and Level Annotations

Branches:
Dungeon (10/15)            Temple (0/1) D:6            Lair (2/6) D:8
  Sewer (visited)         Ossuary (visited)         Volcano (1/1)
  Swamp: Lair:2-4    Shoals: Lair:2-4     Snake: Lair:2-4    Spider: Lair:2-4
    Orc: D:9-12

Altars:
Ashenzari
Elyvilon
Gozag
Hepliaklqana
Kikubaaqudgha
Nemelex Xobeh
Okawaru
Qazlal
Wu Jian
Xom

Shops:
D:6 =   D:7 [

Annotations:
D:8 1 runed translucent door, Cheivey's ghost, novice GnFi


Innate Abilities, Weirdness & Mutations

You are too large for most types of armour.
You have tough skin. (AC +1)


Message History

You hear a sizzling splash. x2
You block the fire bat's attack.
You hit the fire bat.
The fire bat is moderately wounded.
You block the fire bat's attack.
You sock the salamander!
The salamander is lightly wounded.
You block the salamander's attack.
You closely miss the salamander.
The salamander is lightly wounded.
You block the salamander's attack.
You hit the salamander.
The salamander is lightly wounded.
The salamander hits you.
You are engulfed in flames!
* * * LOW HITPOINT WARNING * * *
Press: ? - help, v - describe, . - travel
Here: a salamander, quivering arrows (lava, lightly wounded) Some lava.
The fire bat bites you but does no damage.
Clouds of poison gas condense around you!
The condenser dries out!
The salamander is engulfed in poison gas.
The salamander is poisoned.
The salamander hits you!
* * * LOW HITPOINT WARNING * * *
You are engulfed in flames!
* * * LOW HITPOINT WARNING * * *
You block the fire bat's attack.
You sock the salamander!
The salamander is heavily wounded.
You block the fire bat's attack.
The salamander is engulfed in poison gas.
The salamander looks even sicker.
You block the salamander's attack.
You bludgeon the salamander!!
The salamander is almost dead.
You block the fire bat's attack.
The salamander is engulfed in poison gas.
The salamander looks even sicker.
The salamander hits you!
* * * LOW HITPOINT WARNING * * *
You are engulfed in flames!
You die...

.## ##.≈≈§≈≈≈≈§##
^# #.≈≈§≈§°≈≈# ^+
#.≈≈§§§≈≈## ^#
#..≈§§§§≈≈# .##
##.≈≈≈§≈§≈##
..####.§.≈≈≈§§≈≈#
........§≈≈≈≈#○###
..####...≈§≈§≈#b≈#
.##..##.≈§≈§§≈≈#@#
.#....#.≈≈≈§≈§≈N##
.#....'§≈.≈≈≈#§#≈#
.#....#.≈≈≈§§≈#≈##
.##. ##.O≈≈§≈§≈b§#
..# #..h§≈≈≈≈#§§#
........≈≈§≈§#≈≈≈#
..####..≈§≈≈§N§≈≈#
.##. ##.≈≈≈≈≈≈≈§##


You could see a salamander (very poisoned) and a fire bat.

Vanquished Creatures
  Gastronok (D:7)
  A boulder beetle (D:10)
  A centaur warrior (D:10)
  3 tengu warriors (D:10)
  4 two-headed ogres
  Urug (Lair:1)
  An ugly thing (D:10)
  A cyclops (shapeshifter) (D:9)
  A salamander (Volcano)
  A gargoyle (D:10)
  2 cane toads (Lair:1)
  Maggie (D:9)
  A komodo dragon (Lair:1)
  An unseen horror (D:10)
  A polar bear (Lair:1)
  A slime creature (D:10)
  Sigmund (D:2)
  A wraith (D:10)
  A shadow (D:5)
  13 yaks
  7 wyverns
  A basilisk (D:7)
  A vampire mosquito (D:10)
  Grum (D:10)
  2 steam dragons (D:8)
  An acid dragon (D:10)
  2 hell hounds (Volcano)
  7 water moccasins
  2 orc warriors
  A sky beast (D:6)
  3 black bears
  2 ice beasts
  4 wolves (D:10)
  2 centaurs
  2 elf zombies (Ossuary)
  2 kobold brigands (Sewer)
  5 bullfrogs
  A water moccasin zombie (D:6)
  3 scorpions
  A wyvern skeleton (D:7)
  A water moccasin skeleton (D:6)
  11 killer bees (D:9)
  8 wights
  2 howler monkeys
  A hound (D:6)
  A human zombie (Ossuary)
  5 centaur zombies
  3 jellies
  6 orc priests
  3 iguanas
  A gnoll shaman (D:8)
  7 orc wizards
  5 hell rats
  A killer bee zombie (D:8)
  A centaur simulacrum (D:10)
  2 hound skeletons (D:5)
  A hound zombie (Ossuary)
  4 mummies (Ossuary)
  A howler monkey zombie (D:8)
  4 gnolls
  10 adders
  6 river rats
  3 white imps (D:7)
  An adder zombie (Ossuary)
  5 worms
  2 dart slugs
  31 orcs
  5 endoplasms
  2 giant cockroaches
  9 goblins
  6 hobgoblins
  3 jackals (D:1)
  22 kobolds
  5 quokkas
  11 ball pythons
  8 bats
  4 frilled lizards
  A goblin zombie (Ossuary)
  2 hobgoblin zombies (Ossuary)
  2 jackal zombies (Ossuary)
  A kobold zombie (Ossuary)
  An orc zombie (Ossuary)
  23 rats
319 creatures vanquished.

Vanquished Creatures (collateral kills)
  A wyvern (D:8)
  An orc wizard (D:8)
2 creatures vanquished.

Vanquished Creatures (others)
  2 two-headed ogres (Volcano)
  A basilisk (D:10)
  An orc (D:8)
  4 fungi
  13 plants
21 creatures vanquished.

Grand Total: 342 creatures vanquished

Notes
Turn   | Place    | Note
-------+----------+-------------------------------------------
     0 | D:1      | Spaninq the Ogre Fighter began the quest for the Orb.
     0 | D:1      | Reached XP level 1. HP: 24/24 MP: 1/1
   209 | D:1      | Reached XP level 2. HP: 26/32 MP: 2/2
   541 | D:1      | Reached XP level 3. HP: 31/39 MP: 3/3
  1951 | D:2      | Reached XP level 4. HP: 47/49 MP: 4/4
  1966 | D:2      | Noticed Sigmund
  1977 | D:2      | Killed Sigmund
  1978 | D:2      | Reached skill level 5 in Fighting
  1978 | D:2      | Reached XP level 5. HP: 57/57 MP: 5/5
  2003 | D:2      | Reached XP level 6. HP: 49/66 MP: 6/6
  2887 | D:4      | Found a hazy altar of Hepliaklqana.
  2900 | D:4      | Found a stormy altar of Qazlal.
  2917 | D:4      | Became a worshipper of Qazlal Stormbringer
  3060 | D:4      | Found a glowing drain.
  3173 | Sewer    | Entered a sewer
  3531 | Sewer    | Reached XP level 7. HP: 59/72 MP: 7/7
  3739 | Sewer    | Reached * piety under Qazlal
  3842 | Sewer    | Reached skill level 5 in Shields
  4300 | D:4      | Reached skill level 6 in Fighting
  4722 | D:5      | Entered Level 5 of the Dungeon
  4820 | D:5      | Found a sand-covered staircase.
  4827 | Ossuary  | Entered an ossuary
  4861 | Ossuary  | Reached skill level 5 in Maces & Flails
  4883 | Ossuary  | Reached ** piety under Qazlal
  5040 | Ossuary  | Reached XP level 8. HP: 28/84 MP: 8/8
  5531 | D:5      | Noticed a shadow
  5539 | D:5      | Killed a shadow
  5733 | D:5      | Reached skill level 7 in Fighting
  6484 | D:5      | Found a sparkling altar of Nemelex Xobeh.
  6564 | D:5      | Found a shimmering altar of Xom.
  6571 | D:5      | Found a broken altar of Ashenzari.
  6639 | D:6      | Reached skill level 1 in Invocations
  6889 | D:6      | Found a staircase to the Ecumenical Temple.
  6947 | D:6      | Reached XP level 9. HP: 58/93 MP: 8/10
  7282 | D:6      | Found an ornate altar of the Wu Jian Council.
  7549 | D:6      | Found Cimiufuw's Jewellery Emporium.
  8417 | D:7      | Found an opulent altar of Gozag.
  8453 | D:7      | Reached skill level 8 in Fighting
  8697 | D:7      | Reached *** piety under Qazlal
  8739 | D:7      | Found Xafrevupn's Armour Emporium.
  9531 | D:8      | Noticed Gastronok
 10064 | D:7      | Reached XP level 10. HP: 64/106 MP: 11/13
 10323 | D:8      | Reached skill level 9 in Fighting
 10814 | D:7      | Killed Gastronok
 10815 | D:7      | Reached skill level 5 in Invocations
 10948 | D:8      | Found a staircase to the Lair.
 11178 | D:8      | Reached skill level 10 in Fighting
 11224 | D:8      | Found a runed translucent door.
 11275 | D:8      | Noticed Cheivey's ghost (novice GnFi)
 11429 | D:8      | Reached XP level 11. HP: 101/118 MP: 15/15
 11541 | D:8      | Found an ancient bone altar of Kikubaaqudgha.
 11568 | D:8      | Found an iron altar of Okawaru.
 11754 | D:9      | Noticed Maggie
 12117 | D:8      | Reached skill level 10 in Maces & Flails
 12277 | D:9      | Reached **** piety under Qazlal
 12285 | D:9      | Killed Maggie
 12400 | D:9      | Noticed a two-headed ogre
 12404 | D:9      | Noticed a two-headed ogre
 12733 | D:9      | Noticed a cyclops
 12742 | D:9      | Killed a cyclops
 13170 | D:9      | Killed a two-headed ogre
 13171 | D:9      | Reached skill level 1 in Armour
 13528 | D:9      | Killed a two-headed ogre
 13639 | D:10     | Entered Level 10 of the Dungeon
 13655 | D:10     | Reached skill level 11 in Fighting
 13780 | D:10     | Noticed Grum
 13810 | D:10     | Killed Grum
 13917 | D:10     | Found a white marble altar of Elyvilon.
 14043 | D:10     | Noticed a two-headed ogre
 14049 | D:10     | Killed a two-headed ogre
 14202 | D:10     | Noticed a two-headed ogre
 14213 | D:10     | Killed a two-headed ogre
 14214 | D:10     | Reached XP level 12. HP: 123/130 MP: 17/17
 14258 | D:10     | Identified the ring "Zoedyh" {Fly Str-5 Int+5}
 14258 | D:10     | Noticed a tengu warrior
 14260 | D:10     | Noticed a tengu warrior
 14262 | D:10     | Noticed a tengu warrior
 14270 | D:10     | Killed a tengu warrior
 14271 | D:10     | Noticed a boulder beetle
 14276 | D:10     | Killed a tengu warrior
 14290 | D:10     | Killed a tengu warrior
 14519 | D:10     | Killed a boulder beetle
 14663 | D:10     | Found a runed translucent door.
 14663 | D:10     | Found a runed translucent door.
 14663 | D:10     | Noticed a centaur warrior
 14674 | D:10     | Killed a centaur warrior
 14728 | D:10     | Identified the +0 leather armour "Tusanan" {rElec Regen+
                  | Int-4}
 15160 | Lair:1   | Entered Level 1 of the Lair of Beasts
 15168 | Lair:1   | Reached skill level 12 in Fighting
 15175 | Lair:1   | Noticed Urug
 15179 | Lair:1   | Reached skill level 5 in Dodging
 15311 | Lair:1   | Killed Urug
 16145 | Lair:2   | Found a dark tunnel.
 16178 | Volcano  | Entered a volcano
 16190 | Volcano  | Noticed a two-headed ogre
 16190 | Volcano  | Noticed a two-headed ogre
 16215 | Volcano  | Killed a two-headed ogre
 16215 | Volcano  | Killed a two-headed ogre
 16340 | Volcano  | Noticed a two-headed ogre
 16378 | Volcano  | Slain by a salamander

Illustrated notes

Levels and vault maps discovered:
D:1:      dpeg_arrival_rooms_c, layout_basic
D:2:      layout_rooms, grunt_ministairs_9, uniq_sigmund
D:3:      layout_basic
D:4:      layout_cave_pools, worldfamousw_hep_ancestral_shrine,
          mainiacjoe_overflow_24_doors, gup_sewer_entry_bowl,
          serial_column_ruins, column_ruins_square_large,
          column_ruins_circle_medium, column_ruins_open_small_water,
          column_ruins_corridor_corner, column_ruins_columns_plus,
          kennysheep_pointless_box, hangedman_glass_teeth,
          chequers_serial_rivers_room_a
D:5:      layout_basic, minitemple, lemuel_coloured_pillars_altar,
          enter_ossuary_1
D:6:      layout_layer_cave, nzn_wu_jian_contemplation,
          minmay_temple_entry_overgrown, serial_shops, nicolae_diamond_shop,
          grunt_decor_fettered
D:7:      layout_loops_corners, mainiacjoe_overflow_cross_hatched, serial_shops,
          shop, kennysheep_generic_room_8
D:8:      layout_cave_pools, mainiacjoe_overflow_two_lobes,
          minmay_lair_entry_grove, ebering_ghost_reflecting_pool,
          minmay_diced_spiral, uniq_gastronok
D:9:      layout_cave_pods, nicolae_underground_beach, uniq_maggie
D:10:     minmay_the_grid_triangle_9x9_recursive_2
          [minmay_the_grid_triangle_9x9_prize_center,
          minmay_the_grid_triangle_9x9_tough_junction,
          minmay_the_grid_triangle_9x9_pentomino_pain,
          minmay_the_grid_triangle_9x9_skeleton], layout_loops_cross,
          mainiacjoe_overflow_alcove_1, uniq_grum
Lair:1:   layout_chaotic_city, uniq_urug
Lair:2:   layout_cave_pods, enter_volcano_1, pond, grunt_megastairs_2
Volcano:  volcano_village

Skill      XL: |  1  2  3  4  5  6  7  8  9 10 11 12 |
---------------+-------------------------------------+-----
Maces & Flails | 2 3 4 5 6 8 9 10 11 | 11.9
Shields        | 3 4 5 6 7 8 9 |  9.0
Fighting       | 5 6 7 8 10 11 12 | 12.3
Invocations    | 1 4 6 7 8 |  8.7
Armour         | 2 3 |  3.9
Dodging        | 4 5 |  5.4

Action                   |  1- 3 |  4- 6 |  7- 9 | 10-12 || total
-------------------------+-------+-------+-------+-------++-------
Melee: Flail             |    69 |       |     2 |   411 ||   482
       Dagger            |    59 |   165 |   465 |   155 ||   844
Evoke: Condenser vane    |       |       |       |     1 ||     1
  Use: Scroll            |       |     4 |    13 |     5 ||    22
       Potion            |       |     1 |       |     2 ||     3
Armor: Robe              |    35 |    31 |    75 |       ||   141
       Skin              |       |     6 |       |       ||     6
       Steam dragon scal |       |       |     4 |    92 ||    96
       Acid dragon scale |       |       |       |    13 ||    13
Dodge: Dodged            |    40 |    25 |    90 |    98 ||   253
Block: Kite shield       |    42 |    94 |   357 |   551 ||  1044
       Reflection        |       |     1 |     5 |     7 ||    13

Table legend: (Time is in decaauts)
 A = Elapsed time spent in this place.
 B = Non-inter-level travel time spent in this place.
 C = Inter-level travel time spent in this place.
 D = Time resting spent in this place.
 E = Time spent auto-exploring this place.
 F = Levels seen in this place.
 G = Mean time per level.
                   A        B        C        D        E       F      G
               +--------+--------+--------+--------+--------+-----+--------+
         Total |  16504 |  15879 |    625 |   2621 |   9868 |  15 | 1100.3 |
       Dungeon |  13814 |  13201 |    613 |   2474 |   8277 |  10 | 1381.4 |
          Lair |    883 |    871 |     12 |     13 |    689 |   2 |  441.5 |
         Sewer |   1051 |   1051 |      0 |     91 |    604 |   1 | 1051.0 |
       Ossuary |    561 |    561 |      0 |      0 |    298 |   1 |  561.0 |
       Volcano |    193 |    193 |      0 |     43 |      0 |   1 |  193.0 |
               +--------+--------+--------+--------+--------+-----+--------+

Top non-repeatable levels by time:
     D:7: 2306 daAuts
     D:8: 1780 daAuts
     D:6: 1736 daAuts
     D:1: 1613 daAuts
    D:10: 1455 daAuts
     D:9: 1397 daAuts
     D:5: 1321 daAuts
   Sewer: 1051 daAuts
     D:4: 835 daAuts
     D:2: 805 daAuts
  Lair:1: 794 daAuts
     D:3: 562 daAuts
 Ossuary: 561 daAuts
 Volcano: 193 daAuts
  Lair:2: 88 daAuts
